 Dungeon Sprint DCSS version 0.26-a0-658-gbdda728c12 (webtiles) character file.

Game seed: 1521847241015188002

7665 Baz the Naga Aeon (level 11, -9/111 HPs)
             Began as a Naga Fighter on Oct 5, 2020.
             Was the Champion of Cheibriados.
             Killed by a mummy priest's death curse (15 damage)
             ... in the Dungeon (Sprint V: "Ziggurat Sprint").
             The game lasted 00:04:56 (512 turns).

Baz the Naga Aeon (Naga Fighter)                     Turns: 512, Time: 00:04:56

Health: -9/111     AC: 14    Str: 40    XL:     11   Next: 18%
Magic:  13/23      EV:  3    Int: 25    God:    Cheibriados [******]
Gold:   0          SH: 34    Dex: 33    Spells: 10/10 levels left

rFire    . . .     SeeInvis +   w - +7 Screaming Sword {vorpal, sonic wave}
rCold    . . .     Faith    .   v - +18 shield of the Gong {rElec rN+ MR+ EV-5}
rNeg     + + .     Spirit   .   U - +2 pearl dragon scales
rPois    +         Reflect  .   (no helmet)
rElec    +         Harm     .   (no cloak)
rCorr    .         Rampage  .   (no gloves)
MR       ++...     NoTele   +   (no barding)
Stlth    +.........             T - amulet of magic regeneration
HPRegen  0.28/turn              C - +6 ring of strength
MPRegen  0.43/turn              y - +6 ring of dexterity

@: slowed, studying 2 skills, very slow
A: large, see invisible, deformed body, poison resistance, slowness 2, spit
poison 1, AC +3
a: Spit Poison, Bend Time, Temporal Distortion, Slouch, Step From Time, Renounce
Religion


You were in the Dungeon.
You worshipped Cheibriados.
Cheibriados was exalted by your worship.
You visited 1 branch

Inventory:

Hand Weapons
 a - a +0 long sword
 w - the +7 Screaming Sword (weapon) {vorpal, sonic wave}
   (You found it in the Dungeon)

   It inflicts extra damage upon your enemies.
Armour
 b - a +0 scale mail
 c - a +0 kite shield
 v - the +18 shield of the Gong (worn) {rElec rN+ MR+ EV-5}
   (You found it in the Dungeon)

   It affects your evasion (-5).
   It insulates you from electricity.
   It protects you from negative energy.
   It affects your resistance to hostile enchantments.
 H - a +3 kite shield
 I - +5 fire dragon scales
 J - +5 gold dragon scales
 U - +2 pearl dragon scales (worn)
Jewellery
 x - an uncursed ring of flight
 y - a +6 ring of dexterity (right hand)
 z - a +6 ring of dexterity
 A - a +6 ring of intelligence
 B - a +6 ring of intelligence
 C - a +6 ring of strength (left hand)
 D - a +6 ring of strength
 K - the ring of Ephemeral Luck {+Fly Str-4 Int+10 Dex-5 Slay+4}
   (You found it in the Dungeon)

   [ring of slaying]

   It affects your strength (-4).
   It affects your intelligence (+10).
   It affects your dexterity (-5).
   It affects your accuracy and damage with ranged weapons and melee attacks
   (+4).
   It lets you fly.
 P - the ring of the Monkey's Uncle {+Inv rC+ rCorr Str+2}
   (You found it in the Dungeon)

   [ring of resist corrosion]

   It affects your strength (+2).
   It protects you from cold.
   It lets you turn invisible.
   It provides partial protection from all sources of acid and corrosion.
 T - an amulet of magic regeneration (around neck)
 W - an uncursed amulet of faith
Wands
 E - a wand of disintegration (7)
 F - a wand of iceblast (7)
 G - a wand of acid (7)
Scrolls
 j - 4 scrolls of blinking
 p - 4 scrolls of amnesia
 q - 7 scrolls of fog
 r - a scroll of holy word
 s - 5 scrolls of identify
 t - 5 scrolls of remove curse
 u - 2 scrolls of fear
 O - a scroll of acquirement
 Q - a scroll of brand weapon
Potions
 d - 6 potions of might
 e - 10 potions of curing
 f - 10 potions of heal wounds
 g - 6 potions of haste
 h - 7 potions of magic
 i - 3 potions of berserk rage
 k - 2 potions of brilliance
 l - 2 potions of invisibility
 m - 4 potions of resistance
 o - 5 potions of stabbing
Books
 S - a manual of Shields
 V - a manual of Throwing
Miscellaneous
 n - a phial of floods
 L - a phantom mirror
 M - a phantom mirror
 N - a phantom mirror
 R - a phantom mirror


   Skills:
 + Level 11.1 Fighting
 + Level 10.8 Long Blades
 + Level 9.4 Armour
 + Level 10.2 Shields
 * Level 17.1 Invocations


You had 10 spell levels left.
You didn't know any spells.
Your spell library was empty.

Dungeon Overview and Level Annotations

Branches:
Dungeon (1/1)

Altars:
Ashenzari
Cheibriados
Dithmenos
Elyvilon
Fedhas
Gozag
Hepliaklqana
Kikubaaqudgha
Makhleb
Nemelex Xobeh
Okawaru
Qazlal
Ru
Sif Muna
Trog
Uskayaw
Vehumet
Wu Jian
Xom
Yredelemnul
Zin
The Shining One
Beogh
Jiyva
Lugonu

Annotations:
D 1 transporter


Innate Abilities, Weirdness & Mutations

You cannot wear boots.
Your serpentine skin is tough. (AC +3)
You have supernaturally acute eyesight. (SInv)
Armour fits poorly on your strangely shaped body.
Your system is resistant to poisons. (rPois)
You cover ground very slowly.
You can spit poison.


Message History

You have reached level 11!
You feel extremely nervous for a moment...
Your body is wracked with pain!
* * * LOW HITPOINT WARNING * * *
You block the sixfirhy's attack.
PANG!
The mummy priest mumbles some strange prayers to its god against you.
Something smites you!
* * * LOW HITPOINT WARNING * * *
Unknown command.
Unknown command.
You can feel time thicken for a moment.
You kill the sixfirhy!
You destroy the mummy priest!
Cheibriados appreciates the change of pace.
Your Fighting skill increases to level 11!
Your Shields skill increases to level 10!
Your Invocations skill increases to level 17!
You feel extremely nervous for a moment...
Pain shoots through your body!
You die...

▓▓▓▓▓▓▓▓▓▓▓▓▓▓▓▓▓▓▓
▓...8©8...▓
▓..|:=[=..▓
▓...:|:...▓
▓.........▓
▓......|..▓
▓.........▓
▓.........▓
▓.▓..@..▓.▓
▓....©....▓
▓▓▓▓▓▓▓▓▓▓▓


There were no monsters in sight!

Vanquished Creatures
  A deep elf sorcerer (D)
  2 mummy priests (D)
  A dancing weapon (D)
  2 deep elf magi (D)
  3 toenail golems (D)
  A cane toad (D)
  A komodo dragon (D)
  A guardian mummy (D)
  A jumping spider (D)
  An air elemental (D)
  A tarantella (D)
  2 yaks (D)
  A water moccasin (D)
  A phantom (D)
  A necrophage (D)
  2 wolves (D)
  2 bullfrogs (D)
  3 earth elementals (D)
  A crimson imp (D)
  An iron imp (D)
  An iguana (D)
  2 mummies (D)
  2 river rats (D)
  3 adders (D)
  2 shadow imps (D)
  An ufetubus (D)
  An adder zombie (D)
  An adder skeleton (D)
  A bat skeleton (D)
  3 bat zombies (D)
  A giant cockroach zombie (D)
  A jackal skeleton (D)
  3 leopard gecko skeletons (D)
  A leopard gecko zombie (D)
  2 quokka skeletons (D)
54 creatures vanquished.

Vanquished Creatures (others)
  A large abomination (D)
  A neqoxec (D)
2 creatures vanquished.

Grand Total: 56 creatures vanquished

Notes
Turn   | Place    | Note
-------+----------+-------------------------------------------
     0 | D        | Baz the Naga Fighter began the quest for the Orb.
     0 | D        | Reached XP level 1. HP: 21/21 MP: 1/1
     0 | D        | Found a shimmering blue altar of Sif Muna.
     0 | D        | Found a sacrificial altar of Ru.
     0 | D        | Found a bloodstained altar of Trog.
     0 | D        | Found a stormy altar of Qazlal.
     0 | D        | Found an iron altar of Okawaru.
     0 | D        | Found a sparkling altar of Nemelex Xobeh.
     0 | D        | Found a blossoming altar of Fedhas.
     1 | D        | Found the +6 Majin-Bo {vamp, MP+6 Int+6}
     1 | D        | Found the +9 heavy crossbow "Sniper" {vorpal, Acc+∞ SInv}
     1 | D        | Found the +10 dark maul {vorpal}
     1 | D        | Found the +15 Maxwell's patent armour {-Cast -Tele rElec
                  | MR+ rCorr}
     1 | D        | Found the +18 shield of the Gong {rElec rN+ MR+ EV-5}
     1 | D        | Found the cursed +14 obsidian axe {vorpal, +Fly SInv
                  | *Curse}
     1 | D        | Found the +7 great mace "Firestarter" {inner flame, rF++}
     1 | D        | Found the +6 shillelagh "Devastator" {shatter}
     1 | D        | Found the +11 plutonium sword {*Contam Stlth-}
     1 | D        | Found the +8 lance "Wyrmbane" {slay drac, rPois rF+ rC+
                  | AC+3}
     1 | D        | Found the +9 sword of Zonguldrok {reap}
     1 | D        | Found the cursed +13 scythe of Curses {drain, *Curse}
     1 | D        | Found the +0 sword of Power
     1 | D        | Found the +7 mace of Variability {chain chaos}
     1 | D        | Found the +7 Singing Sword {vorpal, sonic wave}
     1 | D        | Found the +8 storm bow {elec, penet}
     2 | D        | Found a transporter.
     2 | D        | Found an ancient bone altar of Kikubaaqudgha.
     2 | D        | Found a viscous altar of Jiyva.
     2 | D        | Found a corrupted altar of Lugonu.
     2 | D        | Found a hazy altar of Hepliaklqana.
     2 | D        | Found a burning altar of Makhleb.
     2 | D        | Found an opulent altar of Gozag.
     4 | D        | Banished a spatial maelstrom
    79 | D        | Became a worshipper of Cheibriados the Contemplative
    80 | D        | Reached skill level 8 in Invocations
    80 | D        | Reached XP level 2. HP: 28/28 MP: 1/7
    91 | D        | Killed a neqoxec
   128 | D        | Entered arena 2.
   128 | D        | Noticed a jumping spider
   128 | D        | Noticed a tarantella
   128 | D        | Found a transporter.
   133 | D        | Killed a tarantella
   133 | D        | Reached skill level 9 in Invocations
   133 | D        | Reached XP level 3. HP: 31/37 MP: 9/9
   133 | D        | Reached XP level 4. HP: 38/45 MP: 10/10
   133 | D        | Reached XP level 5. HP: 43/51 MP: 12/12
   138 | D        | Killed a jumping spider
   138 | D        | Reached * piety under Cheibriados
   138 | D        | Reached skill level 5 in Fighting
   138 | D        | Reached skill level 5 in Long Blades
   138 | D        | Reached skill level 11 in Invocations
   138 | D        | Reached XP level 6. HP: 54/62 MP: 12/14
   142 | D        | Killed a large abomination
   181 | D        | Entered arena 3.
   181 | D        | Found a transporter.
   182 | D        | Found the +12 Vampire's Tooth {vamp}
   185 | D        | Reached skill level 5 in Armour
   185 | D        | Reached XP level 7. HP: 69/69 MP: 15/15
   185 | D        | Reached ** piety under Cheibriados
   185 | D        | Reached skill level 5 in Shields
   191 | D        | Got the ring of Ephemeral Luck {+Fly Str-4 Int+10 Dex-5
                  | Slay+4}
   199 | D        | Entered arena 4.
   199 | D        | Found a transporter.
   203 | D        | Reached *** piety under Cheibriados
   205 | D        | Reached **** piety under Cheibriados
   216 | D        | Entered arena 5.
   216 | D        | Found a transporter.
   217 | D        | Found the +7 great mace "Undeadhunter" {disrupt, rN+}
   219 | D        | Reached skill level 12 in Invocations
   220 | D        | Reached ***** piety under Cheibriados
   231 | D        | Entered arena 6.
   231 | D        | Noticed a deep elf sorcerer
   231 | D        | Noticed a deep elf mage
   231 | D        | Noticed a +1 halberd of venom
   231 | D        | Noticed a deep elf mage
   231 | D        | Noticed an air elemental
   231 | D        | Found a transporter.
   232 | D        | Killed an air elemental
   232 | D        | Reached XP level 8. HP: 80/80 MP: 17/17
   232 | D        | Killed a +1 halberd of venom
   232 | D        | Reached skill level 13 in Invocations
   235 | D        | Killed a deep elf mage
   235 | D        | Reached skill level 14 in Invocations
   235 | D        | Reached XP level 9. HP: 90/90 MP: 12/19
   235 | D        | Killed a deep elf sorcerer
   235 | D        | Reached skill level 15 in Invocations
   236 | D        | Killed a deep elf mage
   236 | D        | Reached XP level 10. HP: 89/99 MP: 13/21
   248 | D        | Got the ring of the Monkey's Uncle {+Inv rC+ rCorr Str+2}
   267 | D        | Entered arena 7.
   267 | D        | Noticed a toenail golem
   267 | D        | Noticed a toenail golem
   267 | D        | Noticed a toenail golem
   271 | D        | Killed a toenail golem
   271 | D        | Reached ****** piety under Cheibriados
   274 | D        | Killed a toenail golem
   278 | D        | Killed a toenail golem
   278 | D        | Reached skill level 10 in Fighting
   283 | D        | Found a transporter.
   429 | D        | Entered arena 8.
   430 | D        | Found a transporter.
   438 | D        | Reached skill level 16 in Invocations
   455 | D        | Entered arena 9.
   456 | D        | Found a transporter.
   486 | D        | Entered arena 10.
   486 | D        | Noticed a cane toad
   487 | D        | Found a transporter.
   489 | D        | Killed a cane toad
   489 | D        | Reached skill level 10 in Long Blades
   505 | D        | Entered arena 11.
   505 | D        | Noticed a mummy priest
   505 | D        | Noticed a mummy priest
   506 | D        | Found a transporter.
   507 | D        | Noticed a jiangshi
   511 | D        | Noticed a sixfirhy
   511 | D        | Killed a mummy priest
   511 | D        | Reached XP level 11. HP: 24/110 MP: 17/23
   512 | D        | Killed a mummy priest
   512 | D        | Reached skill level 10 in Shields
   512 | D        | Reached skill level 17 in Invocations
   512 | D        | Killed by a mummy priest's death curse

Illustrated notes

Levels and vault maps discovered:
D:        sprint_v [room_start, room_1, room_2, room_3, room_4, room_5, room_6,
          room_7, room_8, room_9, room_10, room_11, room_12, room_13, room_14,
          room_15, room_16, room_17, room_18, room_19, room_20, room_21,
          room_22, room_23, room_24, room_25, room_26, room_27]

Skill      XL: |  1  2  3  4  5  6  7  8  9 10 11 |
---------------+----------------------------------+-----
Invocations    | 8 9 11 12 14 15 16 17 | 17.1
Fighting       | 4 5 6 7 8 9 10 11 | 11.1
Long Blades    | 4 5 6 8 9 10 | 10.8
Armour         | 3 4 5 6 7 8 9 |  9.4
Shields        | 3 4 5 6 7 9 10 | 10.2

Action                   |  1- 3 |  4- 6 |  7- 9 | 10-12 || total
-------------------------+-------+-------+-------+-------++-------
Melee: Double sword      |     4 |     6 |    13 |    30 ||    53
Invok: Slouch            |       |       |     1 |     2 ||     3
 Abil: Spit Poison       |     1 |     1 |     1 |       ||     3
  Use: Potion            |     1 |       |       |       ||     1
Armor: Fire dragon scale |     2 |     1 |     5 |    25 ||    33
       Pearl dragon scal |       |       |       |     6 ||     6
Dodge: Dodged            |       |       |       |     4 ||     4
Block: Kite shield       |     6 |    14 |    23 |    64 ||   107
       Rpst.: Double sword |       |       |       |     3 ||     3

Table legend: (Time is in decaauts)
 A = Elapsed time spent in this place.
 B = Non-inter-level travel time spent in this place.
 C = Inter-level travel time spent in this place.
 D = Time resting spent in this place.
 E = Time spent auto-exploring this place.
 F = Levels seen in this place.
 G = Mean time per level.
                   A        B        C        D        E       F      G
               +--------+--------+--------+--------+--------+-----+--------+
         Total |    716 |    716 |      0 |    211 |      0 |   1 |  716.0 |
       Dungeon |    716 |    716 |      0 |    211 |      0 |   1 |  716.0 |
               +--------+--------+--------+--------+--------+-----+--------+

Top non-repeatable levels by time:
       D: 716 daAuts
